 Dungeon Sprint DCSS version 0.27.1-1-g398f81649c (webtiles) character file.

Game seed: 16697168844163982111

5217 styxcanada the Imperceptible (level 10, -5/55 HPs)
             Began as a Spriggan Brigand on Sept 17, 2021.
             Was an Initiate of Gozag.
             Slain by a spriggan (8 damage)
             ... in the Dungeon (Sprint IV: "Fedhas' Mad Dash").
             The game lasted 00:08:33 (1143 turns).

styxcanada the Imperceptible (Spriggan Brigand)     Turns: 1143, Time: 00:08:34

Health: -5/55      AC:  3    Str:  7    XL:     10   Next: 35%
Magic:  11/11      EV: 29    Int: 13    God:    Gozag
Gold:   1825       SH: 10    Dex: 26    Spells: 9/9 levels left

rFire    . . .     SeeInvis +   m - +2 dagger (venom)
rCold    . . .     Faith    .   n - +2 buckler
rNeg     . . .     Spirit   .   o - +0 robe {Will+}
rPois    .         Reflect  .   (helmet restricted)
rElec    .         Harm     .   c - +0 cloak
rCorr    .         Rampage  .   (gloves unavailable)
Will     +++..     NoTele   +   (boots unavailable)
Stlth    ++++++++++             l - amulet of invisibility {+Inv}
HPRegen  0.18/turn              t - ring of willpower
MPRegen  0.12/turn              u - +6 ring of dexterity

@: very quick
A: very small, no large weapons, unfitting armour, see invisible, speed 3
a: Renounce Religion, Evoke Invisibility, Potion Petition, Call Merchant, Bribe
Branch


You were in the Dungeon.
You worshipped Gozag.
Gozag was most pleased with you.
You visited 1 branch You collected 2071 gold pieces.
You spent 246 gold pieces at shops.

Inventory:

Hand Weapons
 a - a +2 dagger
 b - a +1 dagger of flaming
 m - a +2 dagger of venom (weapon)
Missiles
 d - 12 poisoned darts (quivered)
 e - 2 curare-tipped darts
 s - 10 sling bullets
Armour
 c - a +0 cloak (worn)
 n - a +2 buckler (worn)
 o - a +0 robe of willpower (worn)
Jewellery
 l - the amulet of invisibility (around neck) {+Inv}
   (You found it in the Dungeon)

   [amulet of nothing]

   +Inv:      It lets you turn invisible.
 t - a ring of willpower (left hand)
 u - a +6 ring of dexterity (right hand)
Scrolls
 k - a scroll of blinking
 p - 2 scrolls of identify
 v - a scroll of fog {unknown}
Potions
 f - a potion of curing
 h - 2 potions of haste
 i - 2 potions of magic
 j - a potion of berserk rage
 q - a potion of might
Miscellaneous
 r - a phial of floods


   Skills:
 * Level 7.6 Fighting
 + Level 7.1 Short Blades
 + Level 3.8 Throwing
 * Level 11.1 Dodging
 * Level 25.3 Stealth
 + Level 2.2 Shields
 + Level 9.6 Evocations


You had 9 spell levels left.
You didn't know any spells.
Your spell library contained the following spells:

 Spells                   Type           Power      Damage    Failure   Level
 Animate Skeleton         Necr           0%         N/A       41%         1
 Pain                     Necr           0%         1d4       41%         1
 Vampiric Draining        Necr           0%         2d6       78%         3


Dungeon Overview and Level Annotations

Branches:
Dungeon (1/1)

Altars:
Cheibriados
Dithmenos
Elyvilon
Gozag
Hepliaklqana
Kikubaaqudgha
Makhleb
Nemelex Xobeh
Okawaru
Qazlal
Ru
Sif Muna
Trog
Uskayaw
Vehumet
Wu Jian
Xom
Yredelemnul
Zin
The Shining One
Beogh
Jiyva
Lugonu

Shops:
D [(*[[


Innate Abilities, Weirdness & Mutations

You are very small and have problems with some larger weapons.
You are too small for most types of armour.
You have supernaturally acute eyesight. (SInv)
You cover ground extremely quickly. (Speed+++)


Message History

You barely miss the spriggan rider.
The spriggan rider is heavily wounded.
You block the spriggan rider's attack.
There is an open door, spattered with blood here.
You kill the hornet!
The spriggan falls from its now dead mount.
Your phial of floods has recharged.
You start resting.
A spriggan is nearby!
Throw: 16 darts (poison)
Press: ? - help, Q - select action, (/) - cycle Shift-Dir - straight line, f/p - spriggan
Aim: a spriggan, wielding a +0 spear (lightly wounded, wandering, very poisoned, hasn't noticed you, 47% to hit)
You throw a poisoned dart.
The poisoned dart closely misses the spriggan.
The spriggan shouts!
The spriggan misses you.
There is an open door here.
Throw: 15 darts (poison)
Press: ? - help, Q - select action, (/) - cycle Shift-Dir - straight line, f/p - spriggan
Aim: a spriggan, wielding a +0 spear (moderately wounded, very poisoned, 47% to hit)
You throw a poisoned dart. The poisoned dart misses the spriggan.
The spriggan hits you from afar with a +0 spear!
* * * LOW HITPOINT WARNING * * *
Things that are here:
a +0 quarterstaff; a +0 robe Throw: 14 darts (poison)
Press: ? - help, Q - select action, (/) - cycle Shift-Dir - straight line, f/p - spriggan
Aim: a spriggan, wielding a +0 spear (heavily wounded, very poisoned, 47% to hit)
You throw a poisoned dart. The poisoned dart hits the spriggan.
The spriggan is heavily wounded.
Your magical contamination has completely faded away.
There is an open door here.
You see here a +0 chain mail of fire resistance.
Throw: 13 darts (poison)
Press: ? - help, Q - select action, (/) - cycle Shift-Dir - straight line, f/p - spriggan
Aim: a spriggan, wielding a +0 spear (severely wounded, very poisoned, 47% to hit)
You throw a poisoned dart. The poisoned dart misses the spriggan.
The spriggan hits you from afar with a +0 spear!
You die...
Your body crumbles into a pile of gold.

#<..P#.....#.....#.⌠._._._._
#PP..'.)...'.#)).'.._._._._.
#PPPP#.....#.#...#..._._._._
###############'##.._._._._.
#...♣........'...#._._._._._
#......♣.....#...###########
#.....♣..♣..######♣♣♣♣♣..♣.#
##'####'######.['......♣..♣#
#..#....'..@.i.(#♣..♣♣♣.♣).#
#..#..###.......#.♣♣..♣...♣(
####### ####################


You could see a spriggan (very poisoned).

Vanquished Creatures
  A spriggan druid (D)
  6 oklob plants (D)
  A demonic crawler (D)
  A queen bee (D)
  3 burning bushes (D)
  3 wandering mushrooms (D)
  A hornet (D)
  3 scorpions (D)
  4 killer bees (D)
  5 oklob saplings (D)
  4 spriggans (D)
  A river rat (D)
  A rat (D)
  A ballistomycete spore (D)
35 creatures vanquished.

Vanquished Creatures (others)
  A fungus (D)
1 creature vanquished.

Grand Total: 36 creatures vanquished

Notes
Turn   | Place    | Note
-------+----------+-------------------------------------------
     0 | D        | styxcanada the Spriggan Brigand began the quest for the
                  | Orb.
     0 | D        | Reached XP level 1. HP: 10/10 MP: 2/2
     9 | D        | Reached skill level 8 in Stealth
     9 | D        | Reached XP level 2. HP: 15/15 MP: 3/3
    16 | D        | Noticed an oklob sapling
    18 | D        | Killed an oklob sapling
    19 | D        | Reached skill level 10 in Stealth
    19 | D        | Reached XP level 3. HP: 19/19 MP: 4/4
    20 | D        | Noticed a scorpion
    20 | D        | Found the amulet of invisibility {+Inv}
    22 | D        | Killed a scorpion
    23 | D        | Reached skill level 12 in Stealth
    23 | D        | Reached XP level 4. HP: 23/23 MP: 5/5
    48 | D        | Found an opulent altar of Gozag.
    48 | D        | Found a hazy altar of Hepliaklqana.
    48 | D        | Found a burning altar of Makhleb.
    48 | D        | Found a sparkling altar of Nemelex Xobeh.
    48 | D        | Found a snail-covered altar of Cheibriados.
    48 | D        | Found a sacrificial altar of Ru.
    48 | D        | Found a shimmering blue altar of Sif Muna.
    48 | D        | Found a shimmering altar of Xom.
    48 | D        | Found a basalt altar of Yredelemnul.
    49 | D        | Found a viscous altar of Jiyva.
    49 | D        | Found a bloodstained altar of Trog.
    49 | D        | Found an ornate altar of the Wu Jian Council.
    50 | D        | Found an iron altar of Okawaru.
    50 | D        | Found a shadowy altar of Dithmenos.
    50 | D        | Found a glowing silver altar of Zin.
    51 | D        | Found an ancient bone altar of Kikubaaqudgha.
    51 | D        | Found a hide-covered altar of Uskayaw.
    52 | D        | Found a stormy altar of Qazlal.
    52 | D        | Found a white marble altar of Elyvilon.
    52 | D        | Found a glowing golden altar of the Shining One.
    53 | D        | Became a worshipper of Gozag Ym Sagoz the Greedy
    54 | D        | Found a corrupted altar of Lugonu.
    54 | D        | Found a radiant altar of Vehumet.
    58 | D        | Reached skill level 13 in Stealth
    58 | D        | Reached XP level 5. HP: 28/28 MP: 3/6
    70 | D        | Reached skill level 14 in Stealth
   107 | D        | Reached skill level 5 in Dodging
   108 | D        | Reached skill level 15 in Stealth
   108 | D        | Reached skill level 1 in Evocations
   110 | D        | Reached skill level 16 in Stealth
   110 | D        | Reached XP level 6. HP: 33/33 MP: 4/7
   162 | D        | Found Qibiror's Weapon Shop.
   162 | D        | Found Zoimne Gaz's Armour Emporium.
   169 | D        | Bought a +1 dagger of flaming for 106 gold pieces
   224 | D        | Noticed a burning bush
   224 | D        | Noticed a wandering mushroom
   225 | D        | Noticed a wandering mushroom
   228 | D        | Killed a burning bush
   229 | D        | Reached skill level 17 in Stealth
   234 | D        | Reached skill level 18 in Stealth
   234 | D        | Reached XP level 7. HP: 38/38 MP: 5/8
   239 | D        | Killed a wandering mushroom
   240 | D        | Reached skill level 19 in Stealth
   242 | D        | Killed a wandering mushroom
   243 | D        | Reached skill level 5 in Fighting
   243 | D        | Reached skill level 20 in Stealth
   257 | D        | Found Riasekk's Armour Emporium.
   257 | D        | Found Jecrom's General Store.
   263 | D        | Bought 12 poisoned darts for 62 gold pieces
   263 | D        | Bought a scroll of identify for 26 gold pieces
   263 | D        | Bought a potion of might for 52 gold pieces
   308 | D        | Noticed a queen bee
   320 | D        | Reached XP level 8. HP: 41/43 MP: 7/9
   320 | D        | Killed a queen bee
   321 | D        | Reached skill level 5 in Evocations
   326 | D        | Reached skill level 21 in Stealth
   371 | D        | Noticed an oklob plant
   374 | D        | Killed an oklob plant
   375 | D        | Reached skill level 5 in Short Blades
   375 | D        | Reached skill level 1 in Shields
   388 | D        | Noticed a burning bush
   417 | D        | Killed a burning bush
   418 | D        | Reached skill level 22 in Stealth
   418 | D        | Reached XP level 9. HP: 8/48 MP: 10/10
   679 | D        | Noticed a burning bush
   679 | D        | Noticed an oklob plant
   680 | D        | Noticed a wandering mushroom
   681 | D        | Killed a burning bush
   686 | D        | Killed an oklob plant
   687 | D        | Reached skill level 23 in Stealth
   690 | D        | Killed a wandering mushroom
   750 | D        | Noticed a spriggan druid
   752 | D        | Killed a spriggan druid
   753 | D        | Reached skill level 10 in Dodging
   815 | D        | Noticed an oklob plant conjurer
   816 | D        | Killed an oklob plant conjurer
   817 | D        | Reached skill level 24 in Stealth
   894 | D        | Noticed an oklob plant
   894 | D        | Noticed an oklob plant summoner
   895 | D        | Noticed an oklob plant shifter
   899 | D        | Killed an oklob plant
   900 | D        | Reached XP level 10. HP: 55/55 MP: 8/11
   901 | D        | Killed an oklob plant summoner
   904 | D        | Killed an oklob plant shifter
   925 | D        | Reached skill level 25 in Stealth
  1066 | D        | Noticed a spriggan rider
  1067 | D        | Found Emio's Armour Emporium.
  1125 | D        | HP: 1/55 [spriggan (8)]
  1143 | D        | Slain by a spriggan

Illustrated notes

Levels and vault maps discovered:
D:        dungeon_sprint_fedhas [sprint_temple]

Skill      XL: |  1  2  3  4  5  6  7  8  9 10 |
---------------+-------------------------------+-----
Dodging        | 2 3 4 5 6 7 9 10 11 | 11.1
Stealth        | 8 10 12 13 16 18 20 22 24 25 | 25.3
Fighting       | 2 3 4 5 6 7 |  7.6
Short Blades   | 3 4 5 6 7 |  7.1
Throwing       | 3 |  3.8
Evocations     | 1 3 4 6 8 9 |  9.6
Shields        | 1 2 |  2.2

Action                   |  1- 3 |  4- 6 |  7- 9 | 10-12 || total
-------------------------+-------+-------+-------+-------++-------
Melee: Dagger            |     4 |    11 |    59 |    26 ||   100
Throw: Dart              |       |       |       |     8 ||     8
 Abil: Evoke Invisibilit |       |     4 |     6 |     1 ||    11
Evoke: Phial of floods   |       |       |       |     1 ||     1
  Use: Potion            |       |       |       |     1 ||     1
 Stab: Sleeping          |     4 |     6 |    10 |     3 ||    23
       Invisible         |       |     1 |     4 |       ||     5
Armor: Robe              |       |       |     3 |       ||     3
Dodge: Dodged            |       |     4 |    36 |    23 ||    63
Block: Buckler           |       |     4 |     6 |    14 ||    24
